[Event "Titled Tuesday Blitz March 08 Late 2022"]
[White "Djordjevic, Vuk"]
[Black "Koellner, Ruben Gideon"]
[WhiteFideId "902098"]
[BlackFideId "12993093"]
[WhiteElo "2463"]
[BlackElo "2429"]
[Result "0-1"]
[Round "06"]
[TimeControl "180+1"]
[Date "2022.03.08"]
[WhiteClock "0:00:06"]
[BlackClock "0:00:08"]

1. d4 d6 2. Bg5 Nd7 3. e3 Ngf6 4. Nf3 h6 5. Bh4 e5 6. c4 Be7 7. Nc3 O-O 8. Be2 exd4 9. exd4 Re8 10. O-O Nf8 11. h3 Ng6 12. Bg3 Nh5 13. Bd3 Nxg3 14. fxg3 Bf6 15. Nd5 c6 16. Bxg6 cxd5 17. Bd3 dxc4 18. Bxc4 Qb6 19. Qd2 Be6 20. Bxe6 Rxe6 21. Rf2 Rae8 22. Rd1 Re4 23. Qd3 Re3 24. Qc4 R8e4 25. Qc8+ Re8 26. Qf5 Re2 27. Rd2 R2e7 28. g4 Qc7 29. h4 Qd7 30. Qxd7 Rxd7 31. g5 hxg5 32. hxg5 Bd8 33. Rfe2 Rde7 34. Kf2 Bb6 35. Rxe7 Rxe7 36. Re2 Rc7 37. Ke3 Kh7 38. Ke4 Re7+ 39. Kd3 Rxe2 40. Kxe2 Kg6 41. Ke3 Kf5 42. Nd2 d5 43. Nf3 Bc7 44. Ne1 Kxg5 45. Kf3 Bd6 46. Nc2 Kf5 47. g4+ Ke6 48. Ne3 f6 49. Nf5 g6 50. Ne3 f5 51. gxf5+ gxf5 52. Ng2 Kf6 53. Ne3 Ke6 54. Ng2 Bc7 55. Ke3 a6 56. Kf3 Bb8 57. Ke3 Kf6 58. Kf3 Ba7 59. Ke3 Bb8 60. Kf3 Bc7 61. Ne3 Ke6 62. Ng2 b5 63. b3 Bd6 64. Ke3 Bg3 65. Kf3 Bh2 66. Kf2 f4 67. Kf3 Kf5 68. Nh4+ Kg5 69. Ng2 Bg3 70. Ke2 Kg4 71. Kd3 Kf3 72. Nxf4 Bxf4 73. Kc3 Bd6 74. Kb2 Ke4 75. Kc3 Ke3 76. Kc2 Kxd4 77. Kb2 Ke3 78. b4 Bxb4 79. Kb3 Bc5 80. Kb2 d4 81. Kc2 d3+ 82. Kd1 Ba3 83. Ke1 d2+ 84. Kd1 a5 85. Kc2 Ke2 86. Kc3 Bb4+ 87. Kb2 d1=Q 88. a3 Qd2+ 89. Kb3 Qc3+ 90. Ka2 Qxa3+ 91. Kb1 Qb3+ 92. Kc1 Qc3+ 93. Kb1 Qd2 94. Ka1 Bc3+ 95. Kb1 Qb2# 0-1


[Site "https://www.chess.com"]

[Event "Titled Tuesday Blitz March 08 Late 2022"]
[White "Dounis, Alexandros"]
[Black "Rabineau, Clement"]
[WhiteFideId "4213238"]
[BlackFideId "628891"]
[WhiteElo "2204"]
[BlackElo "2237"]
[Result "1-0"]
[Round "06"]
[TimeControl "180+1"]
[Date "2022.03.09"]
[WhiteClock "0:00:15"]
[BlackClock "0:00:01"]

1. Nf3 d6 2. d4 g6 3. g3 Bg7 4. Bg2 f5 5. O-O Nf6 6. c4 O-O 7. Nc3 Qe8 8. d5 Na6 9. Nd4 Bd7 10. f3 c6 11. Be3 Nc7 12. Qb3 Rb8 13. Bf2 a6 14. Qb6 Qd8 15. Rac1 c5 16. Nc2 Na8 17. Qxd8 Rfxd8 18. b4 Nb6 19. bxc5 Nxc4 20. cxd6 exd6 21. Ne3 Nxe3 22. Bxe3 Re8 23. Bf4 Rbc8 24. Bxd6 Nh5 25. Bb4 Bd4+ 26. Kh1 b6 27. Rfd1 Bxc3 28. Rxc3 Rxc3 29. Bxc3 Rxe2 30. a3 Re3 31. Bb4 a5 32. Be7 f4 33. g4 Ng7 34. Bg5 Rxa3 35. Bxf4 Ne8 36. d6 b5 37. Bf1 b4 38. Bc4+ Kf8 39. Bh6+ Ng7 40. Re1 Rxf3 41. Re7 Bc6 42. Bxg7# 1-0


[Site "https://www.chess.com"]

[Event "Titled Tuesday Blitz March 08 Late 2022"]
[White "Erdogdu, Mert"]
[Black "Petrovic, Aleksa"]
[WhiteFideId "6301495"]
[BlackFideId "967629"]
[WhiteElo "2485"]
[BlackElo "2245"]
[Result "1-0"]
[Round "06"]
[TimeControl "180+1"]
[Date "2022.03.08"]
[WhiteClock "0:00:05"]
[BlackClock "0:00:03"]

1. e4 c5 2. Nf3 d6 3. d4 cxd4 4. Nxd4 Nf6 5. Nc3 a6 6. Be3 e6 7. f3 Be7 8. Qd2 b5 9. O-O-O Bb7 10. g4 Nc6 11. g5 Nd7 12. h4 Nb6 13. Kb1 b4 14. Nxc6 Bxc6 15. Qd4 bxc3 16. Qxg7 Kd7 17. Qxf7 Rf8 18. Qxh7 Rxf3 19. Bd4 cxb2 20. Bh3 Nc4 21. Qg6 Na3+ 22. Kxb2 Nc4+ 23. Ka1 Rxh3 24. Rxh3 Qa5 25. Rb3 e5 26. Bc3 Qc5 27. Qf5+ Kc7 28. Qf7 d5 29. exd5 Ba4 30. d6+ Nxd6 31. Qxe7+ Kc6 32. Bb4 Qxc2 33. Rxd6+ Kb5 34. Qb7+ Kc4 35. Qd5# 1-0


[Site "https://www.chess.com"]

[Event "Titled Tuesday Blitz March 08 Late 2022"]
[White "Estrada Nieto, Julian"]
[Black "Celestino, Rafael Teixeira"]
[WhiteFideId "5101018"]
[BlackFideId "2108925"]
[WhiteElo "2246"]
[BlackElo "2292"]
[Result "1-0"]
[Round "06"]
[TimeControl "180+1"]
[Date "2022.03.09"]
[WhiteClock "0:00:46"]
[BlackClock "0:01:05"]

1. e4 c5 2. Nf3 Nc6 3. Bb5 g6 4. Bxc6 dxc6 5. O-O Bg7 6. d3 Qc7 7. h3 e5 8. Nc3 Ne7 9. Be3 b6 10. a4 O-O 11. a5 Be6 12. Qd2 f5 13. Bh6 f4 14. Bxg7 Kxg7 15. Ne2 b5 16. Qc3 Kf6 17. Nxf4 b4 18. Nxe6 bxc3 19. Nxc7 cxb2 20. Rab1 Rab8 21. Na6 Rb5 22. Nxc5 Rxc5 23. Rxb2 Rxa5 24. Rfb1 h6 25. Nd2 c5 26. Nc4 Ra6 27. Rb7 Nc6 28. Rc7 Nb4 29. Ne3 Ra5 30. Rd7 Rb8 31. c3 Nc6 32. Rxb8 Nxb8 33. Rd8 Nc6 34. Rd6+ Ke7 35. Rxc6 Ra2 36. Rxc5 a5 37. Rxe5+ Kd6 38. d4 a4 39. Ra5 a3 40. Nc4+ 1-0


[Site "https://www.chess.com"]

[Event "Titled Tuesday Blitz March 08 Late 2022"]
[White "Fiorito, Fabian"]
[Black "Maltsevskaya, Aleksandra"]
[WhiteFideId "100200"]
[BlackFideId "24174041"]
[WhiteElo "2448"]
[BlackElo "2614"]
[Result "1-0"]
[Round "06"]
[TimeControl "180+1"]
[Date "2022.03.09"]
[WhiteClock "0:01:39"]
[BlackClock "0:00:01"]

1. d4 Nf6 2. Nc3 d5 3. Bf4 a6 4. e3 e6 5. g4 c5 6. g5 Nfd7 7. Nf3 Nc6 8. Bg2 Be7 9. O-O cxd4 10. exd4 Nf8 11. h4 Ng6 12. Bg3 h6 13. h5 Nf8 14. g6 fxg6 15. hxg6 Nxg6 16. Qd3 Kf7 17. Rae1 Bf6 18. Bh3 Bd7 19. Re2 Nge7 20. Rfe1 Nb4 21. Qd2 Nf5 22. Bxf5 exf5 23. a3 Nc6 24. Nxd5 Re8 25. Rxe8 Bxe8 26. Nc7 Bd7 27. d5 Ne7 28. Nxa8 Qxa8 29. Be5 Ng6 30. Bxf6 gxf6 31. d6 Bc6 32. d7 Qd8 33. Qxh6 Qg8 34. Ng5+ fxg5 35. Re8 Qxe8 36. dxe8=Q+ Bxe8 37. Qxg5 Bd7 38. Qh6 Ne5 39. Qh7+ Ke6 40. Qg8+ Kd6 41. Qf8+ Ke6 42. f4 Nf3+ 43. Kf2 Bc6 44. Qg8+ Kf6 45. Ke3 Nh2 46. Qh8+ Ke6 47. Qxh2 1-0


[Site "https://www.chess.com"]

[Event "Titled Tuesday Blitz March 08 Late 2022"]
[White "Fishbein, Alexander"]
[Black "Spitzl, Vinzent"]
[WhiteFideId "2000377"]
[BlackFideId "12901253"]
[WhiteElo "2636"]
[BlackElo "2465"]
[Result "1-0"]
[Round "06"]
[TimeControl "180+1"]
[Date "2022.03.09"]
[WhiteClock "0:00:14"]
[BlackClock "0:00:03"]

1. e4 c5 2. Nf3 d6 3. d4 cxd4 4. Nxd4 Nf6 5. Nc3 a6 6. Be2 e5 7. Nb3 Be7 8. O-O O-O 9. Qd3 Be6 10. Bd2 Nc6 11. Nd5 Rc8 12. c4 Nd7 13. Qg3 Re8 14. Rad1 Bf8 15. Bc3 f6 16. Kh1 Bf7 17. Bg4 Rb8 18. Qh3 Nb6 19. c5 Nxd5 20. exd5 Nd4 21. Bxd4 exd4 22. Nxd4 dxc5 23. Ne6 Qd6 24. Qf3 b6 25. g3 Be7 26. h4 Kh8 27. h5 b5 28. Bf5 Bxe6 29. dxe6 Qe5 30. Rde1 Qxb2 31. Qe4 Qd4 32. Qb1 Qd5+ 33. Kg1 Rbd8 34. Rd1 Qe5 35. Rd7 c4 36. Re1 Qc5 37. Kg2 b4 38. Bxh7 Rxd7 39. exd7 Qc6+ 40. Qe4 Qxd7 41. Bg6 f5 42. Bxe8 fxe4 43. Bxd7 Bf6 44. Rxe4 b3 45. axb3 cxb3 46. Ba4 b2 47. Bc2 1-0


[Site "https://www.chess.com"]

[Event "Titled Tuesday Blitz March 08 Late 2022"]
[White "Gadimbayli, Abdulla"]
[Black "Khabinets, Ivan"]
[WhiteFideId "13404938"]
[BlackFideId "14115980"]
[WhiteElo "2311"]
[BlackElo "2114"]
[Result "1-0"]
[Round "06"]
[TimeControl "180+1"]
[Date "2022.03.08"]
[WhiteClock "0:00:11"]
[BlackClock "0:00:26"]

1. e4 c5 2. Nf3 d6 3. d4 cxd4 4. Nxd4 e5 5. Nf5 Nf6 6. Nc3 Nxe4 7. Nxg7+ Bxg7 8. Nxe4 d5 9. Ng3 O-O 10. Be2 f5 11. O-O Be6 12. Nh5 Nc6 13. Qd3 f4 14. Nxg7 Kxg7 15. b3 Qf6 16. Bb2 Rac8 17. a3 d4 18. Bf3 Bf5 19. Be4 Qg6 20. Rfe1 Bxe4 21. Rxe4 Rf5 22. Rae1 Rd8 23. b4 a6 24. Qb3 f3 25. g3 Rh5 26. a4 b5 27. axb5 axb5 28. Qxf3 Rf8 29. Qd3 Qf6 30. R1e2 Rf5 31. Qd2 Nxb4 32. Rxe5 Rxe5 33. Rxe5 Nc6 34. Rxb5 Re8 35. Qg5+ Qxg5 36. Rxg5+ Kf6 37. Rc5 Re6 38. Rd5 Re2 39. Rd6+ Re6 40. Bxd4+ Nxd4 41. Rxd4 Re1+ 42. Kg2 Re2 43. c4 Rc2 44. Rf4+ Kg6 45. h4 h6 46. Kf3 Rc3+ 47. Ke2 Ra3 48. Kd2 Ra8 49. Kc3 Re8 50. c5 Re1 51. Kc4 Rc1+ 52. Kd5 Rc2 53. c6 Rxf2 54. Rxf2 1-0


[Site "https://www.chess.com"]

[Event "Titled Tuesday Blitz March 08 Late 2022"]
[White "Gerbelli Neto, Eduardo"]
[Black "Ladan, Nicholas"]
[WhiteFideId "2103281"]
[BlackFideId "30918855"]
[WhiteElo "2178"]
[BlackElo "2167"]
[Result "1-0"]
[Round "06"]
[TimeControl "180+1"]
[Date "2022.03.09"]
[WhiteClock "0:00:11"]
[BlackClock "0:01:21"]

1. e4 e5 2. Nc3 Nc6 3. Bc4 Nf6 4. Nf3 Nxe4 5. Bxf7+ Kxf7 6. Nxe4 d5 7. Neg5+ Kg8 8. d4 e4 9. Ne5 Nxe5 10. dxe5 h6 11. Nh3 Bxh3 12. gxh3 c6 13. Qg4 Qe7 14. Qg3 Re8 15. Bf4 Kh7 16. h4 Rg8 17. O-O-O Qe6 18. Rhg1 Be7 19. h5 Ref8 20. Qe3 Rf5 21. Rg6 Qf7 22. e6 Qf8 23. Rg4 Rxh5 24. Rdg1 Qf5 25. Qxa7 Qxe6 26. Qxb7 Bf6 27. Rg6 Rf5 28. Be3 Qe5 29. Rxh6# 1-0


[Site "https://www.chess.com"]

[Event "Titled Tuesday Blitz March 08 Late 2022"]
[White "Golubka, Petro"]
[Black "Sliwicki, Damian"]
[WhiteFideId "14114224"]
[BlackFideId "1127128"]
[WhiteElo "2346"]
[BlackElo "2067"]
[Result "1-0"]
[Round "06"]
[TimeControl "180+1"]
[Date "2022.03.09"]
[WhiteClock "0:01:37"]
[BlackClock "0:00:23"]

1. d4 Nf6 2. Nf3 d5 3. c4 e6 4. Nc3 Bb4 5. cxd5 exd5 6. a3 Bxc3+ 7. bxc3 O-O 8. Bg5 h6 9. Bh4 c6 10. e3 Bf5 11. Bd3 Bxd3 12. Qxd3 Nbd7 13. O-O Re8 14. a4 Qa5 15. Rfb1 Rab8 16. Bg3 Ne4 17. Bxb8 Rxb8 18. c4 Ndf6 19. h3 Qc7 20. Ne5 Re8 21. a5 dxc4 22. Nxc4 Nd5 23. Ra3 b5 24. axb6 axb6 25. Ne5 Ng5 26. Qc4 Kh7 27. Qxc6 Qe7 28. Rab3 Nf6 29. Rxb6 Nfe4 30. h4 1-0


[Site "https://www.chess.com"]

[Event "Titled Tuesday Blitz March 08 Late 2022"]
[White "Hambleton, Aman"]
[Black "Thavandiran, Shiyam"]
[WhiteFideId "2606577"]
[BlackFideId "2605058"]
[WhiteElo "2552"]
[BlackElo "2357"]
[Result "0-1"]
[Round "06"]
[TimeControl "180+1"]
[Date "2022.03.08"]
[WhiteClock "0:00:01"]
[BlackClock "0:00:06"]

1. d4 e6 2. Bf4 Nf6 3. e3 c5 4. c3 Nc6 5. Nd2 d5 6. Ngf3 Bd6 7. Bg3 O-O 8. Bd3 b6 9. e4 dxe4 10. Nxe4 Nxe4 11. Bxe4 Bb7 12. dxc5 Bxc5 13. Qa4 Rc8 14. Rd1 Qf6 15. Bh4 Qh6 16. b4 f5 17. Bg5 Qg6 18. Bc2 Be7 19. h4 h6 20. h5 Qe8 21. Be3 Bf6 22. Kf1 Bxc3 23. Bb3 Nxb4 24. Qxe8 Rfxe8 25. Rh4 Ba6+ 26. Kg1 Bf6 27. Rc4 Bxc4 0-1


[Site "https://www.chess.com"]

[Event "Titled Tuesday Blitz March 08 Late 2022"]
[White "Holt, Conrad"]
[Black "Derraugh, Geordie"]
[WhiteFideId "2034387"]
[BlackFideId "2603950"]
[WhiteElo "2586"]
[BlackElo "2116"]
[Result "1-0"]
[Round "06"]
[TimeControl "180+1"]
[Date "2022.03.08"]
[WhiteClock "0:00:58"]
[BlackClock "0:00:26"]

1. d4 Nf6 2. c4 e5 3. dxe5 Ng4 4. Nf3 Bc5 5. e3 Nc6 6. Nc3 Ngxe5 7. Be2 O-O 8. O-O d6 9. b3 Qf6 10. Bb2 Qh6 11. Na4 Bb6 12. Nxe5 Nxe5 13. c5 Ba5 14. a3 c6 15. Qxd6 Qxd6 16. cxd6 Ng6 17. Rfd1 Rd8 18. b4 Bb6 19. Rac1 Nf8 20. e4 Ne6 21. g3 Ng5 22. Nxb6 axb6 23. f3 h5 24. h4 Ne6 25. f4 g6 26. f5 gxf5 27. exf5 Nf8 28. f6 Bg4 29. Bxg4 hxg4 30. Rc4 Ne6 31. Rxg4+ Kf8 32. d7 Nc7 33. Bc1 1-0


[Site "https://www.chess.com"]

[Event "Titled Tuesday Blitz March 08 Late 2022"]
[White "Hryshchenko, Kamila"]
[Black "Hollan, Martin"]
[WhiteFideId "14147491"]
[BlackFideId "360937"]
[WhiteElo "2518"]
[BlackElo "2567"]
[Result "1-0"]
[Round "06"]
[TimeControl "180+1"]
[Date "2022.03.09"]
[WhiteClock "0:00:35"]
[BlackClock "0:00:02"]

1. e4 e5 2. Nf3 Nc6 3. Nc3 Nf6 4. h3 Be7 5. d4 exd4 6. Nxd4 O-O 7. Nxc6 bxc6 8. Bd3 d5 9. O-O Be6 10. Qf3 Bb4 11. exd5 cxd5 12. Nb5 Bd7 13. Bg5 Bxb5 14. Bxb5 Rb8 15. Bd3 Bd6 16. b3 c6 17. Rfe1 h6 18. Bxf6 Qxf6 19. Qxf6 gxf6 20. Bf5 c5 21. Rad1 d4 22. g3 Rfe8 23. f4 Kf8 24. Kf2 a5 25. Kf3 a4 26. bxa4 Rb2 27. Rxe8+ Kxe8 28. Ke4 Rxa2 29. Kd5 Bc7 30. Rb1 Rxa4 31. Rb7 Kd8 32. Bd3 Ra5 33. Kc6 c4 34. Bxc4 Ra4 35. Bd3 Ra3 36. Rb4 Rc3+ 37. Kd5 Ba5 38. Rb5 Bc7 39. Kxd4 Rc6 40. Rh5 Ke7 41. Rxh6 Rd6+ 42. Ke3 Re6+ 43. Kf3 Bb6 44. Rh8 Re3+ 45. Kg4 Ba5 46. Bb5 Kd6 47. Re8 Rxe8 48. Bxe8 Ke7 49. Bc6 Be1 50. Be4 Bf2 51. h4 Kf8 52. c4 Kg7 53. h5 Kh6 54. Bd5 f5+ 55. Kxf5 Bxg3 56. Bxf7 Bf2 57. Bg6 Kg7 58. Ke5 Be3 59. f5 1-0


[Site "https://www.chess.com"]

[Event "Titled Tuesday Blitz March 08 Late 2022"]
[White "Ibarra Jerez, Jose Carlos"]
[Black "Martinez Alcantara, Jose Eduardo"]
[WhiteFideId "2226332"]
[BlackFideId "3805662"]
[WhiteElo "2626"]
[BlackElo "2690"]
[Result "1-0"]
[Round "06"]
[TimeControl "180+1"]
[Date "2022.03.08"]
[WhiteClock "0:00:03"]
[BlackClock "0:00:01"]

1. e4 c5 2. Ne2 Nc6 3. d4 cxd4 4. Nxd4 Nf6 5. Nc3 d6 6. Nd5 e6 7. Nxf6+ gxf6 8. Nxc6 bxc6 9. Qh5 Qb6 10. Bd3 a5 11. O-O a4 12. Rb1 Ra5 13. Qe2 Rg8 14. Be3 Qc7 15. b4 axb3 16. axb3 Be7 17. b4 Ra8 18. Qh5 Rh8 19. Ra1 Rb8 20. Ra7 Rb7 21. Rfa1 d5 22. exd5 exd5 23. b5 c5 24. Rxb7 Bxb7 25. c4 d4 26. Bd2 Bd6 27. Ba5 Qd7 28. Re1+ Be7 29. Qxc5 Rg8 30. g3 Rg5 31. Qc7 Qxc7 32. Bxc7 Kd7 33. Bf4 Rc5 34. h4 Bd6 35. Bxd6 Kxd6 36. Re8 Re5 37. Rxe5 fxe5 38. Bxh7 Kc5 39. h5 e4 40. h6 d3 41. Kf1 Kxc4 42. Bf5 d2 43. Ke2 Kc3 44. h7 e3 45. h8=Q+ Kc4 46. Qb2 Bf3+ 47. Kxf3 d1=Q+ 48. Kxe3 Kc5 49. Qe5+ 1-0


[Site "https://www.chess.com"]

[Event "Titled Tuesday Blitz March 08 Late 2022"]
[White "Iskusnyh, Sergei"]
[Black "Curtis, John"]
[WhiteFideId "4120027"]
[BlackFideId "3200256"]
[WhiteElo "2492"]
[BlackElo "2203"]
[Result "1-0"]
[Round "06"]
[TimeControl "180+1"]
[Date "2022.03.09"]
[WhiteClock "0:00:47"]
[BlackClock "0:00:03"]

1. d4 Nf6 2. c4 e6 3. g3 Bb4+ 4. Bd2 Bxd2+ 5. Qxd2 O-O 6. Bg2 d6 7. Nf3 Qe7 8. Nc3 Nc6 9. O-O a5 10. Rfe1 e5 11. Nd5 Nxd5 12. cxd5 Nxd4 13. Nxd4 exd4 14. Qxd4 f5 15. Rac1 Rf7 16. e4 f4 17. e5 fxg3 18. hxg3 Bf5 19. e6 Rff8 20. Rc3 b6 21. Rec1 Ra7 22. Rc4 h5 23. Qc3 Rc8 24. Rc6 h4 25. Rxb6 hxg3 26. Qxg3 Raa8 27. Rbc6 Rab8 28. b3 a4 29. bxa4 Rb2 30. Rxd6 Qf6 31. Rd7 c6 32. Rf7 Qh6 33. Rf1 1-0


[Site "https://www.chess.com"]

[Event "Titled Tuesday Blitz March 08 Late 2022"]
[White "Jacobson, Brandon"]
[Black "Risteski, Emil"]
[WhiteFideId "30901561"]
[BlackFideId "15005267"]
[WhiteElo "2362"]
[BlackElo "2070"]
[Result "1-0"]
[Round "06"]
[TimeControl "180+1"]
[Date "2022.03.08"]
[WhiteClock "0:01:16"]
[BlackClock "0:00:17"]

1. d4 f5 2. g3 Nf6 3. Bg2 e6 4. Nh3 Be7 5. O-O d6 6. c3 e5 7. dxe5 dxe5 8. Qb3 c6 9. Ng5 Rf8 10. Ne6 Bxe6 11. Qxe6 Nfd7 12. Rd1 Na6 13. Na3 Nac5 14. Qc4 Qc7 15. b4 Nb6 16. Qxc5 Bxc5 17. bxc5 Na4 18. Nc4 Nxc5 19. Ba3 b6 20. Rd6 e4 21. Rad1 Ke7 22. Bh3 Rad8 23. Bxf5 Rxf5 24. Rxd8 Qxd8 25. Rxd8 Kxd8 26. Nd6 Rd5 27. Bxc5 bxc5 28. Nxe4 Rd1+ 29. Kg2 c4 30. a4 Ra1 31. Nc5 Ke7 32. Kf3 Kd6 33. Nb7+ Kc7 34. Nc5 Kd6 35. Nb7+ Kd5 36. e4+ Ke5 37. Nc5 Kd6 38. Nb7+ Kc7 39. Nc5 Kd6 40. Nb7+ Ke5 41. Nc5 Rc1 42. Ke3 Rxc3+ 43. Kd2 Ra3 44. Ke2 Kd4 45. Ne6+ Kxe4 46. Nxg7 Rxa4 47. Ne6 Ra2+ 48. Ke1 c3 49. Nc5+ Kd4 50. Nb3+ Kd3 51. Nc1+ Kc2 52. Nxa2 Kb2 53. Nb4 c2 54. Nd3+ Kc3 55. Nc1 a5 56. f4 a4 57. f5 a3 58. f6 Kb2 59. Kd2 c5 60. f7 c4 61. f8=Q c3+ 62. Kd3 Kxc1 63. Qxa3+ Kd1 64. Qb3 Ke1 65. Qxc2 Kf1 66. Kxc3 Kg1 67. Kd3 Kh1 68. Ke3 h5 69. Kf3 h4 70. Qg2# 1-0


[Site "https://www.chess.com"]

[Event "Titled Tuesday Blitz March 08 Late 2022"]
[White "Jaferian, Koosha"]
[Black "Dardha, Daniel"]
[WhiteFideId "12507440"]
[BlackFideId "240990"]
[WhiteElo "2030"]
[BlackElo "2482"]
[Result "1/2-1/2"]
[Round "06"]
[TimeControl "180+1"]
[Date "2022.03.08"]
[WhiteClock "0:00:16"]
[BlackClock "0:00:09"]

1. Nf3 d5 2. b3 Bg4 3. Bb2 Bxf3 4. exf3 e6 5. f4 Nf6 6. g3 g6 7. Bg2 c6 8. O-O Nbd7 9. d3 Bg7 10. Nd2 O-O 11. Nf3 a5 12. a4 Ng4 13. Bxg7 Kxg7 14. Qe2 Ngf6 15. Rfe1 b5 16. Ne5 Nxe5 17. fxe5 Nd7 18. f4 Qb6+ 19. Qf2 Qxf2+ 20. Kxf2 Rfb8 21. d4 Nb6 22. Reb1 bxa4 23. bxa4 Nc4 24. Bf1 Nd2 25. Rxb8 Ne4+ 26. Ke3 Rxb8 27. Bd3 c5 28. Bxe4 cxd4+ 29. Kd3 dxe4+ 30. Kxe4 Rb4 31. Rd1 Rxa4 32. Rxd4 Ra2 33. Rc4 h6 34. h4 Ra1 35. Rc8 a4 36. Ra8 a3 37. Kf3 a2 38. Kg2 g5 39. hxg5 hxg5 40. Ra7 g4 41. c4 Kg6 42. c5 Rc1 43. Rxa2 Rxc5 44. Re2 Kf5 45. Kf2 Rc3 46. Kg2 Rc4 47. Kf2 Ra4 48. Kg2 Re4 49. Ra2 Re1 50. Kf2 Rh1 51. Ra7 Rh2+ 52. Ke3 Kg6 53. Ra3 Rg2 54. Ke4 Re2+ 55. Re3 Ra2 56. Rd3 Ra4+ 57. Rd4 Ra1 58. Rd3 Re1+ 59. Re3 Rf1 60. Rd3 Ra1 61. Kd4 Kf5 62. Ke3 Rf1 63. Kd4 Rf2 64. Re3 Rd2+ 65. Kc4 Rd8 66. Kc3 Rd5 67. Kc4 Kg6 68. Kc3 Kg7 69. Kc4 Kh7 70. Rd3 Ra5 71. Kd4 Ra4+ 72. Ke3 Kg6 73. Rd4 Ra1 74. Rd3 Kf5 75. Kd4 Re1 76. Re3 Rf1 77. Kd3 Rf2 78. Kd4 Rd2+ 79. Kc3 Rd5 80. Kc4 f6 81. exf6 Kxf6 82. Kc3 Kf5 83. Kc4 Ra5 84. Kd4 Ra4+ 85. Kd3 Ra5 86. Kd4 Rd5+ 87. Kc4 Kf6 88. Kc3 Ke7 89. Kc4 Kd6 90. Rd3 Kc6 91. Rxd5 exd5+ 92. Kd4 Kd6 93. f5 Kc6 94. f6 Kd6 95. f7 Ke7 96. Kxd5 Kxf7 97. Ke5 Kg6 98. Kf4 Kh5 99. Kf5 Kh6 100. Kxg4 Kg6 101. Kh4 Kh6 102. g4 Kg6 103. g5 Kg7 104. Kh5 Kh7 105. g6+ Kg7 106. Kg5 Kg8 107. Kf5 Kg7 108. Kg5 Kg8 109. Kh6 Kh8 110. g7+ Kg8 111. Kg6 1/2-1/2


[Site "https://www.chess.com"]

[Event "Titled Tuesday Blitz March 08 Late 2022"]
[White "Janaszak, Dawid"]
[Black "Kaganskiy, Gleb"]
[WhiteFideId "1119206"]
[BlackFideId "4132025"]
[WhiteElo "2199"]
[BlackElo "2165"]
[Result "1-0"]
[Round "06"]
[TimeControl "180+1"]
[Date "2022.03.09"]
[WhiteClock "0:00:07"]
[BlackClock "0:00:04"]

1. e4 c5 2. Nc3 a6 3. g3 b5 4. Bg2 Bb7 5. d3 e6 6. Nh3 b4 7. Na4 d5 8. exd5 exd5 9. d4 c4 10. O-O Be7 11. Re1 Nf6 12. Nc5 Bc6 13. Qe2 Ra7 14. Bd2 a5 15. a3 bxa3 16. Rxa3 O-O 17. Re3 Bxc5 18. dxc5 d4 19. Re7 Bxg2 20. Kxg2 Qd5+ 21. Qf3 Qxc5 22. R7e5 Qb6 23. Qa3 Nc6 24. Rf5 Nb4 25. Qa4 Qc6+ 26. Qxc6 Nxc6 27. Rc5 Nd8 28. Rxc4 Ne6 29. Ra4 Rc8 30. c3 Rb8 31. cxd4 Rxb2 32. Rxa5 Rxa5 33. Bxa5 Ng4 34. d5 Nf8 35. Re8 Nf6 36. Rd8 Rb5 37. Bc3 Rxd5 38. Bxf6 Rxd8 39. Bxd8 Ne6 40. Be7 g6 41. Nf4 Nd4 42. Bf6 Nc6 43. h4 Nb8 44. Kf3 h5 45. Bd4 Nc6 46. Ke4 Ne7 47. Bc5 Nf5 48. Nd3 Kg7 49. Bd4+ Kg8 50. Be5 Ne7 51. Bd4 Nf5 52. Nf4 Ne7 53. Nd5 Nf5 54. Nf6+ Kf8 55. Nh7+ Kg8 56. Ng5 Nd6+ 57. Kd3 Nf5 58. Bc3 Nd6 59. Ne4 Nf5 60. f3 Ne7 61. Nd6 Nd5 62. Bd4 Ne7 63. Ne4 Nf5 64. Be5 Ne7 65. Bf6 Nf5 66. g4 hxg4 67. fxg4 Nh6 68. Nf2 Kh7 69. g5 Nf5 70. h5 gxh5 71. Ke4 Kg6 72. Nd3 Nd6+ 73. Kf4 1-0


[Site "https://www.chess.com"]

[Event "Titled Tuesday Blitz March 08 Late 2022"]
[White "Jobava, Baadur"]
[Black "Oparin, Grigoriy"]
[WhiteFideId "13601520"]
[BlackFideId "24125890"]
[WhiteElo "2617"]
[BlackElo "2665"]
[Result "1-0"]
[Round "06"]
[TimeControl "180+1"]
[Date "2022.03.08"]
[WhiteClock "0:00:32"]
[BlackClock "0:00:28"]

1. b3 Nf6 2. Bb2 d5 3. e3 e6 4. f4 Bd6 5. Nf3 O-O 6. g4 a5 7. g5 Ne8 8. Nc3 c6 9. h4 b5 10. h5 a4 11. Rb1 axb3 12. axb3 b4 13. Ne2 Ra2 14. Nc1 Rxb2 15. Rxb2 c5 16. Ra2 Nc6 17. Bg2 e5 18. Ne2 Bg4 19. h6 g6 20. O-O e4 21. Nh2 Be6 22. d3 f5 23. gxf6 Nxf6 24. dxe4 Nxe4 25. Bxe4 dxe4 26. Ng3 Qe7 27. Nxe4 Bc7 28. Ng5 Rd8 29. Qa1 Bf5 30. e4 Nd4 31. exf5 Bxf4 32. Ngf3 Qe3+ 33. Kh1 Nxf5 34. Ra8 Qe8 35. Rxd8 Qxd8 36. Rd1 Qe7 37. Qa8+ Kf7 38. Qd5+ Qe6 39. Qxe6+ Kxe6 40. Ng4 Nxh6 41. Nxh6 Bxh6 42. Kg2 Bf4 43. Ne1 h5 44. Nd3 Bd6 45. Kf3 Kf5 46. Nxb4 Be7 47. Nd5 1-0


[Site "https://www.chess.com"]

[Event "Titled Tuesday Blitz March 08 Late 2022"]
[White "Kamsky, Gata"]
[Black "Riehle, Marco"]
[WhiteFideId "2000024"]
[BlackFideId "12904392"]
[WhiteElo "2645"]
[BlackElo "2462"]
[Result "0-1"]
[Round "06"]
[TimeControl "180+1"]
[Date "2022.03.08"]
[WhiteClock "0:00:01"]
[BlackClock "0:00:04"]

1. d4 d5 2. Bf4 e6 3. e3 Bd6 4. c4 Bxf4 5. exf4 Nf6 6. Nc3 b6 7. Nf3 O-O 8. Bd3 dxc4 9. Bxc4 Bb7 10. O-O Nc6 11. Qd2 a6 12. Rad1 Ne7 13. Ne5 Qd6 14. Rfe1 Rad8 15. f3 c5 16. Ne4 Nxe4 17. fxe4 cxd4 18. a4 Ng6 19. Nxg6 hxg6 20. Qf2 Qb4 21. b3 b5 22. axb5 axb5 23. Bf1 Rd7 24. Rd3 Rc8 25. Red1 Rcd8 26. Re1 f6 27. Qg3 Rc8 28. h4 Rc3 29. Red1 Rxd3 30. Bxd3 Qxb3 31. Rb1 Qc3 32. Qf3 b4 33. Qe2 b3 34. Bc4 d3 35. Bxe6+ Kh7 36. Qe3 Qd4 37. Qxd4 Rxd4 38. Bxb3 Bxe4 39. Bd1 Rc4 40. Kf2 Bf5 0-1


[Site "https://www.chess.com"]

[Event "Titled Tuesday Blitz March 08 Late 2022"]
[White "Karttunen, Mika"]
[Black "Kuegel, Tobias"]
[WhiteFideId "502081"]
[BlackFideId "4636295"]
[WhiteElo "2666"]
[BlackElo "2497"]
[Result "0-1"]
[Round "06"]
[TimeControl "180+1"]
[Date "2022.03.09"]
[WhiteClock "0:00:06"]
[BlackClock "0:00:47"]

1. e4 c5 2. Nf3 e6 3. d4 cxd4 4. Nxd4 Nf6 5. Nc3 Nc6 6. Be3 Bb4 7. Nxc6 bxc6 8. e5 Nd5 9. Bd2 O-O 10. Ne4 Be7 11. c4 Nb6 12. Bd3 f5 13. Nc3 d5 14. exd6 Qxd6 15. Qe2 e5 16. f3 Bh4+ 17. g3 Bf6 18. O-O-O Be6 19. Be3 Qb4 20. a3 Qb3 21. Rhe1 Nxc4 22. Bc5 Rfb8 23. Bxc4 Bxc4 24. Qc2 Qxc2+ 25. Kxc2 Bb3+ 26. Kc1 Bxd1 27. Rxd1 Rb7 28. Kc2 Kf7 29. b4 Rd8 30. Re1 Rbd7 31. Re2 g5 32. g4 e4 33. fxe4 Bxc3 34. Kxc3 f4 35. e5 Ke6 36. h4 Rd3+ 37. Kc4 h6 38. Bd6 Rxa3 39. hxg5 hxg5 40. Rh2 Rxd6 41. Rh6+ Kxe5 0-1


[Site "https://www.chess.com"]

[Event "Titled Tuesday Blitz March 08 Late 2022"]
[White "Keymer, Vincent"]
[Black "Bashirli, Nail"]
[WhiteFideId "12940690"]
[BlackFideId "13406809"]
[WhiteElo "2557"]
[BlackElo "2333"]
[Result "1-0"]
[Round "06"]
[TimeControl "180+1"]
[Date "2022.03.08"]
[WhiteClock "0:01:10"]
[BlackClock "0:00:49"]

1. Nf3 d5 2. e3 Nf6 3. c4 e6 4. Nc3 Be7 5. b3 O-O 6. Bb2 b6 7. cxd5 exd5 8. d4 c5 9. Bd3 Nc6 10. Ne2 Bg4 11. Rc1 Rc8 12. O-O Ne4 13. dxc5 bxc5 14. h3 Bxf3 15. gxf3 Ng5 16. f4 Nf3+ 17. Kg2 Nh4+ 18. Kh2 Bf6 19. Bxf6 Qxf6 20. Ng3 g6 21. Rxc5 d4 22. Qg4 dxe3 23. fxe3 Rcd8 24. Ne4 Qe7 25. Rxc6 Rxd3 26. Nf6+ Kh8 27. Qxh4 h5 28. Qg5 Rd2+ 29. Kh1 1-0


[Site "https://www.chess.com"]